[Event "Argentine Youth-Junior-ch 2025"]
[Site "Mar del Plata"]
[Date "2025.04.20"]
[Round "8.1"]
[White "Parrilla, Juan Jose"]
[Black "Scarsi, Anna Laura"]
[Result "1-0"]
[Annotator "NA"]
[ECO "B40"]
[WhiteElo "1912"]
[BlackElo "2144"]
[PlyCount "91"]
[EventDate "2025.04.14"]
[EventType "swiss"]
[EventCountry "ARG"]
[SourceTitle "playchess.com"]
[Source "ChessBase"]
[SourceQuality "1"]
[TimeControl "3600+30"]

1. e4 c5 2. Nf3 e6 3. g3 Nc6 4. Bg2 Nf6 5. Qe2 e5 6. O-O Be7 7. d3 O-O 8. Na3 Re8 9. Nc4 Bf8 10. Bg5 d6 11. Ne3 h6 12. Bxf6 Qxf6 13. Nd5 Qd8 14. c3 Be6 15. a4 a6 16. Nd2 Rb8 17. Nc4 b5 18. axb5 axb5 19. Nce3 Qc8 20. f4 Bxd5 21. Nxd5 Ne7 22. Ne3 exf4 23. gxf4 b4 24. Qf3 Ra8 25. Rac1 bxc3 26. bxc3 Ng6 27. Qg3 Qd8 28. Nf5 Kh7 29. h4 Ne7 30. Ne3 Ra3 31. h5 Ng8 32. e5 dxe5 33. Be4+ Kh8 34. fxe5 Ra7 35. Rf5 g6 36. hxg6 fxg6 37. Rf3 Qg5 38. Qxg5 hxg5 39. Ng4 Kg7 40. Rcf1 Rd8 41. e6 Bd6 42. Rf7+ Rxf7 43. Rxf7+ Kh8 44. Bxg6 Ne7 45. Rh7+ Kg8 46. Nf6+ 1-0

[Event "Argentine Youth-Junior-ch 2025"]
[Site "Mar del Plata"]
[Date "2025.04.20"]
[Round "8.3"]
[White "Gaite, Karen Nerina"]
[Black "Ulrich, Evelyn"]
[Result "1-0"]
[Annotator "RC"]
[ECO "A13"]
[WhiteElo "2031"]
[BlackElo "1529"]
[PlyCount "65"]
[EventDate "2025.04.14"]
[EventType "swiss"]
[EventCountry "ARG"]
[SourceTitle "playchess.com"]
[Source "ChessBase"]
[SourceQuality "1"]
[TimeControl "3600+30"]

1. c4 c6 2. Nf3 Nf6 3. b3 d5 4. Bb2 e6 5. g3 Nbd7 6. Bg2 Qb6 7. Qc2 Bd6 8. d4 O-O 9. c5 Nxc5 10. dxc5 Bxc5 11. O-O Ne4 12. e3 Bd7 13. Nc3 Nxc3 14. Bxc3 f6 15. Rac1 Ba3 16. Bb2 Bxb2 17. Qxb2 Rae8 18. Bh3 c5 19. Rfd1 Bc6 20. Qc3 d4 21. exd4 Bxf3 22. Qxf3 cxd4 23. Qe4 e5 24. Rc4 Qa6 25. Rd2 Rd8 26. Bf5 h6 27. Qg4 g5 28. Rc7 Qa5 29. Rdc2 d3 30. Qh5 Qe1+ 31. Kg2 dxc2 32. Qg6+ Kh8 33. Qh7# 1-0

[Event "Argentine Youth-Junior-ch 2025"]
[Site "Mar del Plata"]
[Date "2025.04.20"]
[Round "8.4"]
[White "Lopez Maffia, Franco"]
[Black "Villordo, Matias"]
[Result "1/2-1/2"]
[Annotator "RC"]
[ECO "A04"]
[WhiteElo "2052"]
[BlackElo "2055"]
[PlyCount "24"]
[EventDate "2025.04.14"]
[EventType "swiss"]
[EventCountry "ARG"]
[SourceTitle "playchess.com"]
[Source "ChessBase"]
[SourceQuality "1"]
[TimeControl "3600+30"]

1. Nf3 c5 2. b3 Nc6 3. Bb2 d6 4. e3 e6 5. Be2 Nf6 6. O-O Be7 7. c4 O-O 8. d4 d5 9. cxd5 Nxd5 10. Nbd2 b6 11. Nc4 Bb7 12. Rc1 Rc8 1/2-1/2

[Event "Argentine Youth-Junior-ch 2025"]
[Site "Mar del Plata"]
[Date "2025.04.20"]
[Round "8.6"]
[White "Speisky, Mateo"]
[Black "Bazan Romero, Octavio Aaron"]
[Result "1/2-1/2"]
[Annotator "ChessBase"]
[ECO "B90"]
[WhiteElo "1791"]
[BlackElo "2292"]
[PlyCount "113"]
[EventDate "2025.04.14"]
[EventType "swiss"]
[EventCountry "ARG"]
[SourceTitle "playchess.com"]
[Source "ChessBase"]
[SourceQuality "1"]
[TimeControl "3600+30"]

1. e4 c5 2. Nf3 d6 3. d4 cxd4 4. Nxd4 Nf6 5. Nc3 a6 6. Be3 e5 7. Nb3 Be6 8. f3 h5 9. Nd5 Bxd5 10. exd5 Nbd7 11. Qd2 g6 12. Be2 Bg7 13. O-O O-O 14. c4 a5 15. Rac1 b6 16. Na1 Nc5 17. b3 Nfd7 18. Nc2 f5 19. Na3 f4 20. Bf2 Qf6 21. Nb5 Rae8 22. Qc2 g5 23. a3 e4 24. fxe4 g4 25. Bd3 Ne5 26. Bxc5 bxc5 27. Nc7 Nxd3 28. Qxd3 Qd4+ 29. Qxd4 Bxd4+ 30. Kh1 Rxe4 31. Rce1 Rxe1 32. Rxe1 f3 33. Rf1 f2 34. Ne6 Rf5 35. g3 Rf3 36. Kg2 Rxb3 37. Nxd4 cxd4 38. Rxf2 d3 39. Rd2 Rxa3 40. Kf2 Rc3 41. Ke3 Rxc4 42. Kxd3 Rc5 43. Ke4 a4 44. Kf5 a3 45. Kg6 Ra5 46. Ra2 Ra4 47. Kxh5 Kf7 48. Kg5 Ke7 49. Kf5 Kd7 50. Kf6 Kc7 51. Ke6 Ra6 52. Ke7 Ra8 53. Ke6 Ra4 54. Ke7 Ra8 55. Ke6 Ra6 56. Ke7 Ra8 57. Ke6 1/2-1/2

[Event "Argentine Youth-Junior-ch 2025"]
[Site "Mar del Plata"]
[Date "2025.04.20"]
[Round "8.7"]
[White "Rojas, Lautaro"]
[Black "Duarte Fernandez, Agustin"]
[Result "1/2-1/2"]
[Annotator "NA"]
[ECO "B06"]
[WhiteElo "1865"]
[BlackElo "2001"]
[PlyCount "98"]
[EventDate "2025.04.14"]
[EventType "swiss"]
[EventCountry "ARG"]
[SourceTitle "playchess.com"]
[Source "ChessBase"]
[SourceQuality "1"]
[TimeControl "3600+30"]

1. e4 g6 2. d4 Bg7 3. Nc3 a6 4. a4 d6 5. f4 b6 6. Nf3 Bb7 7. Bc4 e6 8. O-O Ne7 9. f5 gxf5 10. exf5 Nxf5 11. Ng5 Bxd4+ 12. Kh1 Qf6 13. Rxf5 exf5 14. Bxf7+ Ke7 15. Nd5+ Bxd5 16. Bxd5 c6 17. Ne6 cxd5 18. Bg5 Kxe6 19. Bxf6 Bxf6 20. g4 f4 21. g5 Be5 22. Qg4+ Ke7 23. Re1 Rf8 24. Qh4 Nd7 25. g6+ Nf6 26. Qxf4 hxg6 27. Qb4 Ke6 28. c4 Rh8 29. Re2 Rac8 30. b3 dxc4 31. bxc4 Rc5 32. Qxb6 a5 33. Qb3 Rh4 34. Rc2 g5 35. Kg1 Rf4 36. h3 g4 37. hxg4 Rxg4+ 38. Kf1 Rf4+ 39. Kg2 Ng4 40. Re2 Rcxc4 41. Qb8 Nf6 42. Qb3 Rg4+ 43. Kf1 Nd5 44. Qh3 Rcf4+ 45. Rf2 Rxf2+ 46. Kxf2 Nf6 47. Qb3+ Kf5 48. Qh3 Kg5 49. Qe3+ Rf4+ 1/2-1/2

[Event "Argentine Youth-Junior-ch 2025"]
[Site "Mar del Plata"]
[Date "2025.04.20"]
[Round "8.8"]
[White "Rojo Lynch, Candela"]
[Black "Donda, Jazmin"]
[Result "0-1"]
[Annotator "NA"]
[ECO "C02"]
[WhiteElo "1554"]
[BlackElo "1919"]
[PlyCount "152"]
[EventDate "2025.04.14"]
[EventType "swiss"]
[EventCountry "ARG"]
[SourceTitle "playchess.com"]
[Source "ChessBase"]
[SourceQuality "1"]
[TimeControl "3600+30"]

1. e4 e6 2. d4 d5 3. e5 c5 4. c3 Qb6 5. Nf3 Bd7 6. Be3 Bb5 7. Bxb5+ Qxb5 8. Qd2 c4 9. O-O Ne7 10. Na3 Qd7 11. b3 Nf5 12. Nc2 cxb3 13. axb3 Nc6 14. c4 Be7 15. c5 O-O 16. Kh1 Kh8 17. Na3 a6 18. g4 Nh4 19. Nxh4 Bxh4 20. g5 f6 21. f4 Qe8 22. Rf3 fxg5 23. Rg1 Qg6 24. Nb1 g4 25. Nc3 Qf5 26. Qg2 g5 27. Rff1 Qd3 28. Nd1 Qe4 29. Qxe4 dxe4 30. fxg5 Rxf1 31. Rxf1 Rg8 32. Nc3 Bxg5 33. Bxg5 Rxg5 34. Nxe4 Rf5 35. Rxf5 exf5 36. Nd6 Nxd4 37. Nxb7 Kg8 38. Nd8 Kf8 39. c6 Ke7 40. c7 Kd7 41. Nb7 Kxc7 42. Nc5 a5 43. e6 Kd6 44. Kg2 Nc6 45. e7 Kxe7 46. Kg3 Kd6 47. Nd3 Ne5 48. Nf4 Ng6 49. Nd3 h5 50. h4 Kd5 51. b4 a4 52. b5 a3 53. b6 Kc6 54. Nb4+ Kxb6 55. Nd5+ Ka5 56. Nc3 Kb4 57. Na2+ Kb3 58. Nc1+ Kb2 59. Nd3+ Kb1 60. Nb4 a2 61. Nxa2 Kxa2 62. Kf2 Nxh4 63. Kg3 Ng6 64. Kf2 Kb3 65. Kg3 Kc3 66. Kf2 Kd4 67. Kg3 f4+ 68. Kf2 Ke4 69. Kg2 Ke3 70. Kf1 Kf3 71. Kg1 Ke2 72. Kh2 f3 73. Kh1 f2 74. Kh2 h4 75. Kh1 g3 76. Kg2 f1=Q# 0-1